Map: Dusk Towers

Players

MorN - Winner!

  • Race: Terran Terran
  • League: Master

Daniter

  • Race: Protoss Protoss
  • League: Master

VOD

Have the link to the VOD?

Description

Time

  • Played on: Dec. 9, 2015, 3:41 p.m.
  • Length: 13:18
Show
View Real Time Build Order
Export as new Build Order

MorN Terran - Winner!

Build Orders: Reaper Expand, MMM Bio 

Get SALT Encoding   

  12  0:01  SCV  
  13  0:13  SCV  
  14  0:17  Supply Depot  
  14  0:25  SCV  
  15  0:39  SCV, Barracks  
  16  0:44  Refinery  
  16  0:51  SCV  
  17  1:03  SCV  
  18  1:17  SCV  
  19  1:28  Reaper  
  19  1:29  Orbital Command  
  20  1:40  Command Center  
  20  1:57  Supply Depot, SCV  
  20  2:00  Barracks Reactor  
  21  2:11  SCV, Barracks  
  22  2:24  SCV, Barracks  
  23  2:36  SCV  
  24  2:41  Refinery  
  24  2:42  Factory  
  24  2:48  SCV  
  24  2:50  Marine x2  
  27  2:53  Orbital Command  
  27  3:00  SCV  
  28  3:10  Barracks Tech Lab, Marine x2  
  31  3:12  SCV  
  31  3:17  Marine  
  31  3:19  SCV  
  33  3:25  SCV  
  34  3:28  Marine  
  34  3:32  SCV  
  35  3:42  Marine x3  
  35  3:44  Starport  
  35  3:45  Factory Reactor  
  35  3:46  Marine  
  35  3:48  SCV  
  40  3:49  Stimpack  
  40  3:56  SCV  
  41  4:04  Marine x3  
  41  4:05  SCV  
  41  4:09  Barracks  
  44  4:10  Supply Depot, Barracks  
  44  4:11  SCV  
  45  4:17  SCV  
  45  4:22  Supply Depot x2  
  46  4:31  Refinery  
  46  4:32  SCV  
  46  4:35  Factory Reactor, Medivac x2  
  46  4:36  Marine x2  
  53  4:49  Barracks Tech Lab  
  53  4:50  SCV  
  53  4:52  SCV  
  46  5:12  Marauder, Marine x2  
  44  5:15  SCV x2  
  44  5:19  Barracks Reactor, Barracks Tech Lab  
  45  5:24  Marine, Medivac x2  
  50  5:29  SCV, Marine  
  50  5:34  Marauder  
  53  5:36  Marine  
  53  5:39  Marine  
  53  5:42  Marine  
  50  5:47  Marine  
  49  5:54  Marine  
  49  5:55  Marauder  
  46  5:57  Marine  
  46  6:00  SCV x2  
  46  6:01  Marauder  
  46  6:03  Marine x2  
  49  6:12  SCV x2  
  49  6:13  Widow Mine  
  49  6:15  Marine  
  54  6:24  SCV  
  53  6:27  SCV  
  54  6:33  Marauder x3  
  54  6:36  SCV  
  54  6:39  SCV  
  62  6:41  Supply Depot  
  62  6:44  Widow Mine x2  
  66  6:48  SCV  
  66  6:51  SCV  
  68  6:54  Supply Depot  
  68  7:00  SCV  
  69  7:01  Marine  
  69  7:02  Marine x2  
  69  7:03  Marauder x3  
  78  7:09  Supply Depot  
  78  7:13  Supply Depot  
  78  7:15  SCV x2  
  78  7:21  Marine x3  
  83  7:24  Marauder  
  83  7:26  Marine  
  86  7:30  Marine  
  86  7:31  SCV x2  
  85  7:39  Marine x2  
  85  7:40  Marauder  
  86  7:49  Marine  
  86  7:50  Marauder  
  88  8:04  Marine x2  
  88  8:05  Marauder x2  
  90  8:08  Marine  
  90  8:10  Medivac  
  90  8:11  Marauder  
  95  8:18  Command Center  
  95  8:19  Marine  
  96  8:20  Widow Mine, Medivac  
  96  8:22  Marine  
  96  8:23  SCV  
  102  8:35  Concussive Shells  
  102  8:36  Combat Shields  
  102  8:51  Medivac  
  102  8:54  Marauder  
  102  8:56  Marine x2  
  102  8:58  Marauder  
  91  9:05  Marine x2  
  91  9:06  SCV x2, Marauder  
  91  9:09  Refinery  
  97  9:15  Marauder  
  99  9:17  Engineering Bay  
  99  9:18  SCV x2, Engineering Bay  
  99  9:27  Marine x2  
  99  9:28  Marauder  
  99  9:30  SCV  
  99  9:31  SCV  
  103  9:40  Orbital Command  
  103  9:43  Terran Infantry Weapons Level 1, SCV  
  103  9:44  Terran Infantry Armor Level 1  
  104  9:51  Marine x2  
  104  9:52  Marauder x3, Marine  
  113  9:55  Supply Depot x2  
  113  9:56  SCV x2  
  113  9:59  Marine  
  116  10:02  Supply Depot  
  116  10:08  SCV  
  116  10:10  SCV  
  117  10:16  Marine x3  
  117  10:17  Marauder  
  117  10:21  Marine x2  
  110  10:22  Marauder  
  110  10:27  Medivac x2  
  116  10:30  Supply Depot  
  116  10:34  Marine x2  
  118  10:38  Marauder  
  118  10:39  Marine  
  118  10:40  Marauder  
  118  10:42  Marine x2  
  124  10:43  SCV x2  
  124  10:44  SCV  
  126  10:55  SCV x2  
  126  10:56  Command Center, SCV  
  129  10:57  Marine, Widow Mine x2  
  129  10:58  Armory  
  129  10:59  Starport, Marauder  
  133  11:12  Marine  
  133  11:13  Marauder  
  133  11:14  Marine  
  133  11:15  Marauder  
  139  11:23  Marine x2  
  139  11:24  Marauder  
  134  11:33  Medivac x2  
  134  11:36  Marine x2  
  134  11:39  Starport Tech Lab  
  140  11:43  Fusion Core  
  134  11:55  Marine x2  
  134  11:56  SCV, Marauder x3  
  134  11:57  SCV  
  134  11:58  SCV  
  145  12:03  Medivac  
  145  12:04  Liberator x2  
  147  12:09  SCV x2  
  147  12:11  Marine  
  148  12:16  Liberator  
  148  12:17  Marauder x2  
  152  12:26  Widow Mine x2  
  156  12:30  Barracks  
  156  12:31  Barracks  
  156  12:32  Barracks  
  156  12:34  Refinery x2  
  159  12:38  Planetary Fortress  
  159  12:42  Refinery  
  159  12:53  Marine x2  
  159  12:54  Marauder  
  159  12:57  Marine x2  
  159  12:58  Marine  
Show
View Real Time Build Order
Export as new Build Order

Daniter Protoss 

Build Orders: 1 Gate Expand 

Get SALT Encoding   

  12  0:01  Probe (Chrono Boost)  
  13  0:11  Probe (Chrono Boost)  
  14  0:18  Pylon  
  14  0:22  Probe (Chrono Boost)  
  15  0:36  Probe (Chrono Boost)  
  15  0:39  Gateway  
  16  0:45  Assimilator  
  16  0:47  Probe (Chrono Boost)  
  17  0:57  Probe (Chrono Boost)  
  18  1:08  Probe (Chrono Boost)  
  19  1:18  Nexus  
  19  1:22  Probe (Chrono Boost)  
  20  1:32  Cybernetics Core  
  20  1:37  Probe (Chrono Boost)  
  20  1:39  Assimilator  
  21  1:47  Probe (Chrono Boost)  
  22  1:54  Pylon  
  22  1:58  Probe (Chrono Boost)  
  23  2:12  Adept  
  23  2:13  Mothership Core (Chrono Boost)  
  27  2:17  Pylon  
  27  2:28  Robotics Facility  
  27  2:31  Probe (Chrono Boost)  
  28  2:38  Probe (Chrono Boost)  
  28  2:42  Probe (Chrono Boost)  
  30  2:49  Probe (Chrono Boost)  
  31  2:52  Probe (Chrono Boost)  
  31  2:55  Adept  
  31  2:56  Warp Gate (Chrono Boost)  
  34  2:59  Probe (Chrono Boost)  
  34  3:03  Probe (Chrono Boost)  
  36  3:15  Probe x2 (Chrono Boost)  
  36  3:19  Warp Prism  
  40  3:23  Adept  
  40  3:26  Probe x2  
  43  3:38  Probe  
  42  3:45  Probe  
  43  3:50  Probe  
  43  3:53  Adept  
  46  3:55  Probe  
  46  3:59  Gateway  
  46  4:00  Gateway  
  46  4:02  Probe  
  48  4:06  Probe  
  49  4:14  Probe  
  49  4:16  Gateway, Probe  
  50  4:18  Observer  
  52  4:26  Probe  
  52  4:27  Probe  
  52  4:29  Assimilator x2  
  54  4:31  Pylon  
  54  4:33  Pylon  
  54  4:36  Pylon  
  54  4:57  Adept x3  
  58  5:21  Probe  
  58  5:23  Probe  
  60  5:32  Probe, Adept x2  
  60  5:33  Adept x2  
  60  5:35  Probe  
  68  5:42  Immortal, Probe  
  72  5:47  Probe  
  70  5:53  Probe, Adept x3  
  70  5:54  Adept  
  73  5:59  Probe  
  73  6:03  Probe, Robotics Bay  
  69  6:11  Probe  
  69  6:14  Probe  
  71  6:23  Probe  
  71  6:24  Probe  
  70  6:27  Immortal  
  75  6:35  Probe x2  
  77  6:46  Probe  
  77  6:47  Nexus  
  77  6:48  Pylon  
  77  6:50  Pylon  
  77  6:52  Pylon  
  78  6:54  Pylon  
  78  7:05  Probe  
  78  7:06  Probe, Disruptor  
  83  7:09  Twilight Council  
  83  7:11  Gateway, Forge  
  83  7:13  Stalker x2  
  83  7:14  Gateway  
  87  7:15  Forge  
  87  7:17  Gateway  
  87  7:18  Probe  
  87  7:22  Stalker x2  
  92  7:30  Probe  
  89  7:42  Adept x2  
  89  7:50  Stalker x2  
  91  7:52  Disruptor  
  91  7:57  Probe x2  
  94  7:58  Probe  
  97  8:08  Stalker x2  
  97  8:11  Blink (Chrono Boost)  
  101  8:23  Disruptor  
  101  8:27  Pylon  
  101  8:30  Assimilator  
  101  8:32  Pylon  
  104  8:34  Assimilator  
  104  8:37  Pylon  
  104  8:40  Pylon  
  102  8:42  Pylon  
  102  8:45  Adept x3  
  107  8:54  Adept x4  
  107  8:55  Adept x3  
  92  9:15  Stalker x5  
  92  9:16  Stalker x2  
  106  9:26  Probe  
  106  9:28  Probe x2  
  109  9:39  Stalker  
  109  9:40  Stalker x6  
  123  9:47  Pylon  
  123  9:51  Pylon  
  123  9:54  Pylon x2  
  123  10:00  Disruptor  
  123  10:02  Pylon  
  126  10:08  Forge  
  126  10:09  Resonating Glaives (Chrono Boost)  
  120  10:32  Adept x2  
  120  10:33  Adept x5  
  120  10:34  Observer  
  135  10:51  Probe  
  135  10:52  Probe x2  
  138  10:58  Protoss Ground Weapons Level 1  
  138  11:00  Photon Cannon  
  138  11:03  Photon Cannon  
  137  11:04  Probe  
  137  11:11  Adept x3  
  132  11:12  Adept  
  137  11:23  Adept x3  
  135  11:54  Nexus  
  133  11:58  Pylon  
  133  12:01  Pylon  
  130  12:14  Stalker x5  
  134  12:27  Pylon  
  134  12:34  Nexus  
  134  12:36  Pylon  
  134  12:37  Disruptor, Pylon  
  132  12:39  Pylon  
  100  12:59  Adept x5  
  100  13:00  Adept x2  
Tags
 
Add a new tag
Caveats
  • Supply blocks, unpowered buildings, or Contaminate may cause inaccurate times.
  • Supply counts are checked every 10 seconds.